[Event "Malmo Open 2023"]
[Site "Malmo SWE"]
[Date "2023.12.16"]
[Round "5.8"]
[White "Jacobsen, Mikkel Manosri"]
[Black "Pedersen, Daniel Vesterbaek"]
[Result "0-1"]
[WhiteElo "2331"]
[BlackElo "2186"]
[ECO "A20"]
[TimeControl "15 minutes + 5 seconds per move from move one (Round 1 - 4) / 90 minutes + 30 seconds per move from move one (Round 5 - 8)"]
[WhiteTitle "FM"]
[BlackTitle "FM"]
[WhiteFideId "1444514"]
[BlackFideId "1402161"]

1.c4 e5 2.g3 c6 3.d4 e4 4.a3 d5 5.Nc3 Nf6 6.Bg5 Nbd7 7.cxd5 cxd5 8.Bh3 Nb6
9.Qb3 Bd6 10.Bxf6 Qxf6 11.Rd1 Be6 12.Nb5 Bb8 13.Qb4 Qe7 14.Qc5 Kd7 15.
Bxe6+ fxe6 16.Qxe7+ Kxe7 17.e3 Na4 18.Rb1 Rc8 19.Kd2 a6 20.Nc3 Nxc3 21.
bxc3 b5 22.f3 exf3 23.Nxf3 Bd6 24.a4 bxa4 25.Rb7+ Rc7 26.Rxc7+ Bxc7 27.Ra1
Rb8 28.Rxa4 Rb2+ 29.Kd3 Rf2 30.Ne5 Bxe5 31.dxe5 Rxh2 32.Rxa6 Rg2 33.Ra7+ 
Kf8 34.Kd4 Rxg3 35.Kc5 h5 36.Kd6 Rg6 37.e4 dxe4 38.c4 e3 39.c5 e2 40.Ra1 
Kf7 41.Re1 Rg3 42.Rxe2 Rd3+ 43.Kc7 g5 44.c6 Rc3 45.Rf2+ Kg7 46.Kd7 g4 47.
c7 g3 48.Rd2 Kg6 49.c8=Q Rxc8 50.Kxc8 Kf5 51.Kd7 h4 52.Rg2 Kxe5 53.Re2+ 
Kf4 54.Kxe6 h3 55.Ra2 h2 56.Ra4+ Kf3 57.Ra3+ Kg2 58.Ra2+ Kh3 59.Ra1 g2 60.
Ra3+ Kg4 61.Ra4+ Kg5 62.Ra5+ Kg6 0-1

[Event "Malmo Open 2023"]
[Site "Malmo SWE"]
[Date "2023.12.16"]
[Round "5.9"]
[White "Medhus, Vitus Bondo"]
[Black "Matthiesen, Arne"]
[Result "1-0"]
[WhiteElo "2128"]
[BlackElo "2327"]
[ECO "B23"]
[TimeControl "15 minutes + 5 seconds per move from move one (Round 1 - 4) / 90 minutes + 30 seconds per move from move one (Round 5 - 8)"]
[BlackTitle "FM"]
[WhiteFideId "1462547"]
[BlackFideId "1403524"]

1.e4 c5 2.Nc3 Nc6 3.f4 g6 4.Nf3 Bg7 5.a4 d6 6.Bb5 Bd7 7.d3 e6 8.O-O Nge7 
9.Be3 Nd4 10.Bxd4 cxd4 11.Bxd7+ Qxd7 12.Ne2 e5 13.Qd2 O-O 14.Qb4 h6 15.Qb5
Qc6 16.Qb3 Rac8 17.c4 Kh7 18.Qb4 Rce8 19.Qa5 Qa6 20.Qxa6 bxa6 21.b4 f5 22.
Nd2 fxe4 23.Nxe4 d5 24.Nd6 Rb8 25.fxe5 Bxe5 26.c5 Kg7 27.b5 Rxf1+ 28.Rxf1 
Bxd6 29.cxd6 Nf5 30.Rc1 axb5 31.d7 Rd8 32.g4 Ne7 33.Nxd4 Rxd7 34.axb5 Kf6 
35.Re1 Rd6 36.Ra1 Rd7 37.Ra6+ Kg7 38.Kf2 Nc8 39.h4 Rd6 40.Nc6 Re6 41.Ra4 
Rf6+ 42.Ke3 Rf7 43.Ra6 Rb7 44.Ra5 Kf6 45.Kd4 h5 46.gxh5 gxh5 47.Kxd5 Kf5 
48.d4 Kg4 49.Ne5+ Kxh4 50.Kc6 Rh7 51.Ra3 Kg5 52.d5 Kf5 53.Nf3 Rh6+ 54.Kc7 
Nd6 55.Rb3 Ke4 56.Kc6 Nxb5+ 57.Kxb5 Rb6+ 58.Kc5 Rxb3 59.Nd2+ Ke3 60.Nxb3 
h4 61.d6 h3 62.d7 h2 63.d8=Q h1=Q 64.Qd2+ 1-0

[Event "Malmo Open 2023"]
[Site "Malmo SWE"]
[Date "2023.12.16"]
[Round "5.10"]
[White "Loftgaard, Mikkel Vinh"]
[Black "Johansson, Thomas"]
[Result "1-0"]
[WhiteElo "2322"]
[BlackElo "2177"]
[ECO "B30"]
[TimeControl "15 minutes + 5 seconds per move from move one (Round 1 - 4) / 90 minutes + 30 seconds per move from move one (Round 5 - 8)"]
[WhiteTitle "FM"]
[WhiteFideId "1468480"]
[BlackFideId "1702998"]

1.e4 c5 2.Nf3 Nc6 3.Bb5 Nf6 4.d3 Qa5+ 5.Nc3 Nd4 6.Bc4 b5 7.Bb3 Nxb3 8.cxb3
b4 9.Ne2 Bb7 10.Bg5 e6 11.Bxf6 gxf6 12.O-O h5 13.Nd2 h4 14.Nc4 Qc7 15.h3 
Rg8 16.Qc1 O-O-O 17.Ne3 f5 18.exf5 Bh6 19.f4 exf5 20.Rf2 Qc6 21.d4 Rde8 
22.d5 Qf6 23.Qxc5+ Kb8 24.Nc4 Bf8 25.d6 Rc8 26.Qxb4 Rxc4 27.bxc4 Bxd6 28.
c5 Bc7 29.Nd4 Ka8 30.Nb5 Qc6 31.Nxc7+ Qxc7 32.Re1 Qc6 33.Ree2 Qd5 34.Qd2 
Qxc5 35.Qe3 Qc4 36.Qe7 Bc6 37.Qxh4 Qxa2 38.Qh7 Rg6 39.Qh8+ Kb7 40.Qe5 Qb1+
41.Kh2 Re6 42.Qc3 Re4 43.b4 a6 44.Qc5 Qd1 45.Rd2 Qa1 46.b5 axb5 47.Ra2 Qd4
48.Qf8 Kc7 49.Rad2 Qf6 50.Qc5 Ra4 51.Rd3 Qe6 52.Rfd2 Kb7 53.Rd6 Qe8 54.
Qxf5 Rc4 55.R2d5 Bxd5 56.Rxd7+ Kb8 57.Qxd5 Qe4 58.Qd6+ 1-0

[Event "Malmo Open 2023"]
[Site "Malmo SWE"]
[Date "2023.12.16"]
[Round "6.1"]
[White "Peng, Li Min"]
[Black "Akesson, Ralf"]
[Result "1-0"]
[WhiteElo "2562"]
[BlackElo "2387"]
[ECO "B93"]
[TimeControl "15 minutes + 5 seconds per move from move one (Round 1 - 4) / 90 minutes + 30 seconds per move from move one (Round 5 - 8)"]
[WhiteTitle "GM"]
[BlackTitle "GM"]
[WhiteFideId "14112620"]
[BlackFideId "1700120"]

1.e4 c5 2.Nf3 d6 3.d4 cxd4 4.Nxd4 Nf6 5.Nc3 a6 6.f4 e5 7.Nb3 Qc7 8.Be2 b5 
9.O-O Bb7 10.a4 b4 11.Nd5 Nxd5 12.exd5 Nd7 13.c4 bxc3 14.bxc3 Be7 15.c4 
O-O 16.Kh1 Bf6 17.Rb1 Rfe8 18.Bd2 Bc8 19.Qc2 exf4 20.Bxf4 Nc5 21.Nxc5 Qxc5
22.Bd3 g6 23.Bd2 Bd4 24.a5 Qc7 25.Bc3 Bxc3 26.Qxc3 Rb8 27.Rxb8 Qxb8 28.Qf6
Rf8 29.h4 Bg4 30.Qg5 Qc8 31.Rf6 Qd8 32.Qf4 Kg7 33.Rxd6 Qxh4+ 34.Kg1 Qe1+ 
35.Bf1 h5 36.Rxa6 Qa1 37.Qe3 Bd7 38.Ra7 Re8 39.Qf2 Bf5 40.a6 Re4 41.c5 Qc1
42.Rb7 Kh6 43.Rb3 Bg4 44.a7 Re2 45.Rb1 Qxb1 46.Qf4+ Kg7 47.a8=Q 1-0

[Event "Malmo Open 2023"]
[Site "Malmo SWE"]
[Date "2023.12.16"]
[Round "6.2"]
[White "Pedersen, Daniel Vesterbaek"]
[Black "Hillarp Persson, Tiger"]
[Result "0-1"]
[WhiteElo "2186"]
[BlackElo "2493"]
[ECO "B81"]
[TimeControl "15 minutes + 5 seconds per move from move one (Round 1 - 4) / 90 minutes + 30 seconds per move from move one (Round 5 - 8)"]
[WhiteTitle "FM"]
[BlackTitle "GM"]
[WhiteFideId "1402161"]
[BlackFideId "1700812"]

1.e4 c5 2.Nf3 d6 3.d4 cxd4 4.Nxd4 Nf6 5.Nc3 a6 6.h3 e6 7.g4 h6 8.Bg2 Be7 
9.b3 Nc6 10.Nxc6 bxc6 11.e5 dxe5 12.Bxc6+ Bd7 13.Bxa8 Qxa8 14.O-O Bc6 15.
f3 g5 16.Be3 h5 17.Bxg5 hxg4 18.Bxf6 Bxf6 19.Ne4 Be7 20.Nd6+ Bxd6 21.Qxd6 
Qa7+ 22.Kg2 Bxf3+ 23.Rxf3 gxf3+ 24.Kxf3 Rxh3+ 25.Kg4 Qe3 26.Qb8+ Ke7 27.
Qc7+ Kf8 28.Qd8+ Kg7 29.Qg5+ Qxg5+ 30.Kxg5 Rc3 0-1

[Event "Malmo Open 2023"]
[Site "Malmo SWE"]
[Date "2023.12.16"]
[Round "6.3"]
[White "Sorensen, Hampus"]
[Black "Loftgaard, Mikkel Vinh"]
[Result "1-0"]
[WhiteElo "2474"]
[BlackElo "2322"]
[ECO "E49"]
[TimeControl "15 minutes + 5 seconds per move from move one (Round 1 - 4) / 90 minutes + 30 seconds per move from move one (Round 5 - 8)"]
[WhiteTitle "IM"]
[BlackTitle "FM"]
[WhiteFideId "8703884"]
[BlackFideId "1468480"]

1.d4 Nf6 2.c4 e6 3.Nc3 Bb4 4.e3 O-O 5.Bd3 d5 6.a3 Bxc3+ 7.bxc3 dxc4 8.Bxc4
c5 9.Ne2 b6 10.O-O Qc7 11.Ba2 Bb7 12.Bb2 Nc6 13.c4 cxd4 14.exd4 Rfd8 15.
Rc1 Ng4 16.Ng3 Qf4 17.d5 Nce5 18.h3 Ne3 19.Bxe5 Qxe5 20.Qe2 exd5 21.Qxe3 
Qb2 22.Qb3 Qf6 23.cxd5 Bxd5 24.Qb1 Bc6 25.Qf5 Qxf5 26.Nxf5 Be4 27.Ne3 Rd2 
28.Bb3 Rb2 29.Rc3 g5 30.Re1 Bg6 31.Nc4 1-0

[Event "Malmo Open 2023"]
[Site "Malmo SWE"]
[Date "2023.12.16"]
[Round "6.4"]
[White "Schwartz, Julius"]
[Black "Pantzar, Milton"]
[Result "0-1"]
[WhiteElo "2144"]
[BlackElo "2456"]
[ECO "B12"]
[TimeControl "15 minutes + 5 seconds per move from move one (Round 1 - 4) / 90 minutes + 30 seconds per move from move one (Round 5 - 8)"]
[BlackTitle "IM"]
[WhiteFideId "2402831"]
[BlackFideId "1721003"]

1.e4 c6 2.d4 d5 3.e5 c5 4.c3 Nc6 5.Be2 Bf5 6.Nf3 e6 7.O-O Rc8 8.Be3 Qb6 9.
Nbd2 Qxb2 10.Rc1 c4 11.Nh4 Bg6 12.Nxg6 hxg6 13.Rb1 Qxc3 14.Rxb7 Qa5 15.Qc2
Bb4 16.Rb1 Nge7 17.Bxc4 O-O 18.Bf1 Nd8 19.Qb3 Nxb7 20.Qxb4 Qxb4 21.Rxb4 
Na5 22.Ra4 Nec6 23.Nb1 Nc4 24.Bxc4 dxc4 25.Rxc4 Ne7 26.Ra4 Nd5 27.Na3 Rc7 
28.h3 Rb8 29.Nc4 Nc3 0-1

[Event "Malmo Open 2023"]
[Site "Malmo SWE"]
[Date "2023.12.16"]
[Round "6.5"]
[White "Hector, Jonny"]
[Black "Medhus, Vitus Bondo"]
[Result "1-0"]
[WhiteElo "2444"]
[BlackElo "2128"]
[ECO "C45"]
[TimeControl "15 minutes + 5 seconds per move from move one (Round 1 - 4) / 90 minutes + 30 seconds per move from move one (Round 5 - 8)"]
[WhiteTitle "GM"]
[WhiteFideId "1700090"]
[BlackFideId "1462547"]

1.e4 e5 2.Nf3 Nc6 3.d4 exd4 4.Nxd4 Qf6 5.Nf3 Qg6 6.Bd3 Qxg2 7.Rg1 Qh3 8.
Nc3 Bb4 9.Rxg7 Bxc3+ 10.bxc3 d6 11.Bf1 Qe6 12.Ng5 Qe5 13.Rxf7 Bg4 14.Qxg4 
Qxc3+ 15.Kd1 Nge7 16.Bh3 Qd4+ 17.Ke1 Qc3+ 18.Kf1 Qc4+ 19.Qe2 Qxe2+ 20.Kxe2
h6 21.Rh7 Rxh7 22.Nxh7 Kf7 23.Bb2 Ne5 24.Nf6 1-0

[Event "Malmo Open 2023"]
[Site "Malmo SWE"]
[Date "2023.12.16"]
[Round "6.6"]
[White "Olsen, Filip Boe"]
[Black "Olofsson-Dolk, Mattis"]
[Result "1-0"]
[WhiteElo "2423"]
[BlackElo "2211"]
[ECO "B44"]
[TimeControl "15 minutes + 5 seconds per move from move one (Round 1 - 4) / 90 minutes + 30 seconds per move from move one (Round 5 - 8)"]
[WhiteTitle "IM"]
[WhiteFideId "1440640"]
[BlackFideId "1715178"]

1.Nf3 c5 2.c4 Nc6 3.d4 cxd4 4.Nxd4 Nf6 5.Nc3 e6 6.e4 Bb4 7.Nxc6 bxc6 8.Bd3
e5 9.O-O O-O 10.h3 d6 11.Na4 Nd7 12.a3 Bc5 13.Nxc5 Nxc5 14.Bc2 Ne6 15.Be3 
c5 16.b4 Nd4 17.f4 f6 18.Bd3 Be6 19.f5 Bf7 20.b5 Kh8 21.a4 g6 22.fxg6 Bxg6
23.Bh6 Rf7 24.h4 Rb7 25.Ra2 f5 26.Bg5 Qd7 27.exf5 Bxf5 28.Bxf5 Nxf5 29.Qg4
Ng7 30.Raf2 Kg8 31.Qf3 Ne6 32.Qd5 Re8 33.Rf3 Qg7 34.Bf6 1-0

[Event "Malmo Open 2023"]
[Site "Malmo SWE"]
[Date "2023.12.16"]
[Round "6.7"]
[White "Brynell, Stellan"]
[Black "Mardell, Jimmy"]
[Result "1-0"]
[WhiteElo "2402"]
[BlackElo "2159"]
[ECO "D13"]
[TimeControl "15 minutes + 5 seconds per move from move one (Round 1 - 4) / 90 minutes + 30 seconds per move from move one (Round 5 - 8)"]
[WhiteTitle "GM"]
[WhiteFideId "1700219"]
[BlackFideId "1705610"]

1.d4 d5 2.c4 c6 3.Nf3 Nf6 4.cxd5 cxd5 5.Nc3 Nc6 6.Bf4 a6 7.Rc1 Bf5 8.e3 e6
9.Qb3 Bb4 10.Ne5 Qa5 11.Nxc6 bxc6 12.a3 Bxc3+ 13.Qxc3 Qxc3+ 14.Rxc3 O-O 
15.f3 Rfc8 16.Kd2 Nd7 17.Be2 c5 18.Rhc1 f6 19.g4 Bg6 20.dxc5 e5 21.Bg3 a5 
22.Bb5 Be8 23.f4 d4 24.exd4 exd4 25.Rc4 Rab8 26.a4 f5 27.g5 Nf8 28.c6 Ne6 
29.Re1 Kf7 30.Re5 g6 31.Rc1 Ke7 32.Rce1 Bf7 33.Bf2 Kd6 34.Rxe6+ Bxe6 35.
Bxd4 Rxb5 36.axb5 Bc4 37.Re5 Bd5 38.h4 Rb8 39.c7 Rc8 40.b6 Bb7 41.Rxa5 Re8
42.Ra3 Kd5 43.Be5 Kc5 44.Rd3 Rc8 45.Rd7 Kxb6 46.Rxh7 Bf3 47.Rd7 Kb7 48.Rd8
Bg4 49.Ke3 Bh5 50.Kd4 Bf3 51.Kc5 Bg2 52.Bd6 Bf3 53.Kd4 1-0

[Event "Malmo Open 2023"]
[Site "Malmo SWE"]
[Date "2023.12.16"]
[Round "6.8"]
[White "Ollen, Martin"]
[Black "Vasli, Aref"]
[Result "0-1"]
[WhiteElo "2148"]
[BlackElo "2402"]
[ECO "C77"]
[TimeControl "15 minutes + 5 seconds per move from move one (Round 1 - 4) / 90 minutes + 30 seconds per move from move one (Round 5 - 8)"]
[BlackTitle "FM"]
[WhiteFideId "1718983"]
[BlackFideId "417521"]

1.e4 e5 2.Nf3 Nc6 3.Bb5 a6 4.Ba4 Nf6 5.Qe2 b5 6.Bb3 Bc5 7.d3 d6 8.c3 O-O 
9.Bg5 Be6 10.Nbd2 Bb6 11.Nf1 Nb8 12.Ne3 c6 13.O-O Nbd7 14.d4 Bxb3 15.axb3 
Qe8 16.Nf5 exd4 17.Rfe1 dxc3 18.Nxd6 Qe6 19.Rad1 Ne5 20.bxc3 Rad8 21.Bxf6 
Qxf6 22.Nf5 g6 23.N5d4 Rfe8 24.b4 c5 25.bxc5 Bxc5 26.h3 Rc8 27.Qa2 Bxd4 
28.Nxd4 Rxc3 29.Ne2 Rc4 30.Ng3 Rec8 31.Rd2 h5 32.Red1 Rc1 33.Nf1 Rxd1 34.
Rxd1 Nc4 35.Qe2 a5 36.Rd5 b4 37.Ng3 b3 38.Nxh5 gxh5 39.Qxh5 Ne5 40.g3 Rc1+
41.Kg2 Rc2 0-1

[Event "Malmo Open 2023"]
[Site "Malmo SWE"]
[Date "2023.12.16"]
[Round "6.9"]
[White "Lindberg, Bengt"]
[Black "Meskenas, Paulius"]
[Result "1/2-1/2"]
[WhiteElo "2344"]
[BlackElo "2131"]
[ECO "C77"]
[TimeControl "15 minutes + 5 seconds per move from move one (Round 1 - 4) / 90 minutes + 30 seconds per move from move one (Round 5 - 8)"]
[WhiteTitle "IM"]
[BlackTitle "FM"]
[WhiteFideId "1700359"]
[BlackFideId "12809969"]

1.e4 e5 2.Nf3 Nc6 3.Bb5 a6 4.Ba4 Nf6 5.d3 Bc5 6.c3 b5 7.Bb3 d6 8.O-O O-O 
9.Bg5 h6 10.Bh4 Bb6 11.a4 Rb8 12.axb5 axb5 13.Na3 Na5 14.Ba2 c6 15.b4 Nb7 
16.Nc2 Qe7 17.Ne3 Bd8 18.Re1 Qc7 19.h3 g6 20.Bg3 Kg7 21.Bh2 Nh5 22.Nf1 Be6
23.d4 Bxa2 24.Rxa2 Bf6 25.Ne3 Nf4 26.Ng4 Nd8 27.Nxf6 Kxf6 28.dxe5+ dxe5 
29.Bxf4 exf4 30.Qd4+ Ke7 31.Ra7 Rb7 32.Rxb7 Nxb7 33.Qg7 Nd8 34.Nd4 c5 35.
bxc5 Qxc5 36.e5 Re8 37.Qf6+ Kd7 38.Qxf4 Qxc3 39.Rd1 Ke7 40.Qf6+ Kf8 41.
Qh8+ Ke7 42.Qxh6 b4 43.Qh4+ Kf8 44.Qh8+ Ke7 45.Qf6+ Kf8 46.Nf3 Ne6 47.Rd7 
Qc1+ 48.Kh2 Qf4+ 49.Qxf4 Nxf4 50.Rd4 g5 51.Rxb4 Nd3 52.Rb5 g4 53.hxg4 Nxf2
54.Kg3 Nd3 55.g5 Rc8 56.Rd5 Nc5 57.Rd4 Ne6 58.Re4 Rc2 59.Rb4 Re2 60.Kh3 
Rf2 61.Kg3 Re2 62.Ra4 Kg7 63.Ra6 Kf8 64.g6 Nc5 65.Ra8+ Kg7 66.gxf7 Kxf7 
67.Ra5 Nd3 68.Rd5 Re3 69.Ra5 Re2 70.Ra7+ Kf8 71.Ra5 Ke7 72.Rd5 Rxg2+ 
1/2-1/2

[Event "Malmo Open 2023"]
[Site "Malmo SWE"]
[Date "2023.12.16"]
[Round "6.10"]
[White "Pedersen, Martin Rosenkilde"]
[Black "Skytte, Rasmus"]
[Result "0-1"]
[WhiteElo "2131"]
[BlackElo "2337"]
[ECO "B06"]
[TimeControl "15 minutes + 5 seconds per move from move one (Round 1 - 4) / 90 minutes + 30 seconds per move from move one (Round 5 - 8)"]
[BlackTitle "IM"]
[WhiteFideId "1410261"]
[BlackFideId "1404210"]

1.e4 g6 2.d4 Bg7 3.Nf3 d6 4.Bc4 e6 5.Bb3 Ne7 6.O-O Nd7 7.Re1 O-O 8.c3 b6 
9.Nbd2 Bb7 10.Nf1 c5 11.Ng3 a5 12.h4 cxd4 13.cxd4 e5 14.h5 exd4 15.hxg6 
hxg6 16.Nxd4 Nc5 17.Bc2 Nc6 18.Nxc6 Bxc6 19.Qg4 Bd7 20.Qf3 Qh4 21.Bf4 Be5 
22.Bxe5 dxe5 23.Qe3 Kg7 24.Ne2 Rh8 25.f4 Bg4 26.Ng3 exf4 27.Qxf4 Ne6 28.
Qe5+ f6 29.Qd6 Rhf8 30.e5 Rad8 31.exf6+ Qxf6 32.Qxb6 Rd2 33.Rf1 Rxg2+ 34.
Kxg2 Nf4+ 35.Rxf4 Qxb6 36.Rxg4 Qf2+ 37.Kh3 Qxc2 38.Re1 Rh8+ 39.Rh4 Qc8+ 
0-1

[Event "Malmo Open 2023"]
[Site "Malmo SWE"]
[Date "2023.12.17"]
[Round "7.1"]
[White "Pantzar, Milton"]
[Black "Peng, Li Min"]
[Result "0-1"]
[WhiteElo "2456"]
[BlackElo "2562"]
[ECO "D38"]
[TimeControl "15 minutes + 5 seconds per move from move one (Round 1 - 4) / 90 minutes + 30 seconds per move from move one (Round 5 - 8)"]
[WhiteTitle "IM"]
[BlackTitle "GM"]
[WhiteFideId "1721003"]
[BlackFideId "14112620"]

1.d4 Nf6 2.Nf3 e6 3.c4 d5 4.cxd5 exd5 5.Nc3 Bb4 6.Bg5 h6 7.Bxf6 Qxf6 8.
Qa4+ Nc6 9.e3 O-O 10.Rc1 Qg6 11.h4 f5 12.h5 Qe6 13.Bb5 Bd7 14.Kf1 Bxc3 15.
Rxc3 f4 16.Bxc6 Bxc6 17.Qc2 Rae8 18.Kg1 fxe3 19.Rxe3 Qd6 20.Ne5 Bd7 21.Rh4
Bf5 22.Qc3 Qf6 23.Rf4 Qg5 24.Ref3 Rf6 25.Qb3 c6 26.Qxb7 Bc8 27.Qc7 Rxf4 
28.Qxc6 Rxf3 29.Qxd5+ Be6 30.Qxf3 Rf8 0-1

[Event "Malmo Open 2023"]
[Site "Malmo SWE"]
[Date "2023.12.17"]
[Round "7.2"]
[White "Hillarp Persson, Tiger"]
[Black "Sorensen, Hampus"]
[Result "1/2-1/2"]
[WhiteElo "2493"]
[BlackElo "2474"]
[ECO "A14"]
[TimeControl "15 minutes + 5 seconds per move from move one (Round 1 - 4) / 90 minutes + 30 seconds per move from move one (Round 5 - 8)"]
[WhiteTitle "GM"]
[BlackTitle "IM"]
[WhiteFideId "1700812"]
[BlackFideId "8703884"]

1.Nf3 d5 2.g3 Nf6 3.Bg2 e6 4.O-O Be7 5.c4 O-O 6.b3 a5 7.Nc3 c6 8.d4 b6 9.
Bb2 Ba6 10.a3 Nbd7 11.Re1 Rc8 12.Nd2 c5 13.e3 Bb7 14.Nb5 Ba8 15.Rc1 Ne8 
16.cxd5 exd5 17.e4 dxe4 18.Nxe4 f5 19.Nec3 Bxg2 20.Kxg2 cxd4 21.Qxd4 Ndf6 
22.Qxd8 Bxd8 23.Nd4 Nd6 24.Re6 Nfe8 25.Nd5 Rxc1 26.Bxc1 Kf7 27.Re2 Nf6 28.
Bf4 Nxd5 29.Bxd6 Re8 30.Rxe8 Kxe8 31.Nxf5 Kd7 32.Bf8 g6 33.Ne3 Nc7 34.Bg7 
Ne6 35.Bc3 Nc5 36.b4 Ne4 37.Bb2 axb4 38.axb4 Kc6 39.Kf3 Nf6 40.Bxf6 Bxf6 
41.Ke4 Bc3 42.Nd5 Be1 43.f4 Kd6 44.b5 Kc5 45.Nf6 h5 46.Nd5 h4 47.g4 h3 48.
Ne7 Bg3 49.Nxg6 Bxh2 50.Kf3 Kxb5 51.f5 Kc5 52.f6 b5 53.f7 Bd6 54.f8=Q Bxf8
55.Nxf8 b4 56.Nd7+ Kb5 57.Ne5 b3 58.Nd3 Kc4 59.Nb2+ Kc3 60.Na4+ Kb4 
1/2-1/2

[Event "Malmo Open 2023"]
[Site "Malmo SWE"]
[Date "2023.12.17"]
[Round "7.3"]
[White "Vasli, Aref"]
[Black "Hector, Jonny"]
[Result "0-1"]
[WhiteElo "2402"]
[BlackElo "2444"]
[ECO "A09"]
[TimeControl "15 minutes + 5 seconds per move from move one (Round 1 - 4) / 90 minutes + 30 seconds per move from move one (Round 5 - 8)"]
[WhiteTitle "FM"]
[BlackTitle "GM"]
[WhiteFideId "417521"]
[BlackFideId "1700090"]

1.Nf3 d5 2.c4 d4 3.d3 Nc6 4.g3 e5 5.Bg2 Bc5 6.O-O Nge7 7.Na3 O-O 8.Nc2 a5 
9.Rb1 Qd6 10.a3 a4 11.Nd2 Ba7 12.b4 axb3 13.Nxb3 Bd7 14.Kh1 f5 15.a4 Rae8 
16.Ba3 Qh6 17.Nc5 Bxc5 18.Bxc5 b6 19.Ba3 f4 20.Be4 Rf6 21.Rg1 fxg3 22.fxg3
Ref8 23.Bc1 Qh5 24.Bf3 Rxf3 25.exf3 Rxf3 26.Ne1 Bg4 27.Qc2 Qf5 28.Rb2 Nb4 
29.Rxb4 Rf2 30.Qxf2 Qxf2 31.Ng2 Bf3 32.Rb2 Bxg2+ 33.Rxg2 Qf1+ 34.Rg1 Qxd3 
35.c5 Nd5 36.Re1 e4 37.cxb6 cxb6 38.Rd2 Qc3 39.Kg1 e3 40.Rde2 d3 41.Bb2 
Qc5 0-1

[Event "Malmo Open 2023"]
[Site "Malmo SWE"]
[Date "2023.12.17"]
[Round "7.4"]
[White "Lindh, Fredrik"]
[Black "Olsen, Filip Boe"]
[Result "0-1"]
[WhiteElo "2251"]
[BlackElo "2423"]
[ECO "B90"]
[TimeControl "15 minutes + 5 seconds per move from move one (Round 1 - 4) / 90 minutes + 30 seconds per move from move one (Round 5 - 8)"]
[WhiteTitle "FM"]
[BlackTitle "IM"]
[WhiteFideId "1707884"]
[BlackFideId "1440640"]

1.e4 c5 2.Nf3 d6 3.d4 cxd4 4.Nxd4 Nf6 5.Nc3 a6 6.Be3 e5 7.Nb3 Be7 8.f3 Be6
9.Qd2 h5 10.Nd5 Bxd5 11.exd5 Nbd7 12.Be2 Qc7 13.c4 a5 14.Rc1 O-O 15.O-O g6
16.Qd3 Nh7 17.g3 f5 18.f4 a4 19.Nd2 Nhf6 20.Kh1 Rfe8 21.Rfe1 Ng4 22.Bg1 
exf4 23.Bxg4 hxg4 24.gxf4 Bf6 25.Bd4 Nc5 26.Qc3 Bxd4 27.Qxd4 Qg7 28.Qxg7+ 
Kxg7 29.b4 Nd3 0-1

[Event "Malmo Open 2023"]
[Site "Malmo SWE"]
[Date "2023.12.17"]
[Round "7.5"]
[White "Crevatin, Leo"]
[Black "Brynell, Stellan"]
[Result "1/2-1/2"]
[WhiteElo "2300"]
[BlackElo "2402"]
[ECO "E39"]
[TimeControl "15 minutes + 5 seconds per move from move one (Round 1 - 4) / 90 minutes + 30 seconds per move from move one (Round 5 - 8)"]
[WhiteTitle "FM"]
[BlackTitle "GM"]
[WhiteFideId "1726307"]
[BlackFideId "1700219"]

1.d4 Nf6 2.c4 e6 3.Nc3 Bb4 4.Qc2 c5 5.dxc5 O-O 6.a3 Bxc5 7.Bf4 Nc6 8.Nf3 
Nh5 9.Bg5 Nd4 10.Nxd4 Qxg5 11.Ne4 Qe7 12.Nxc5 Qxc5 13.e3 b6 14.Be2 Nf6 15.
Bf3 Rb8 16.b4 Qe7 17.O-O Bb7 18.Bxb7 Rxb7 1/2-1/2

[Event "Malmo Open 2023"]
[Site "Malmo SWE"]
[Date "2023.12.17"]
[Round "7.6"]
[White "Skytte, Rasmus"]
[Black "Kistrup, Nicolai"]
[Result "1/2-1/2"]
[WhiteElo "2337"]
[BlackElo "2337"]
[ECO "C50"]
[TimeControl "15 minutes + 5 seconds per move from move one (Round 1 - 4) / 90 minutes + 30 seconds per move from move one (Round 5 - 8)"]
[WhiteTitle "IM"]
[BlackTitle "FM"]
[WhiteFideId "1404210"]
[BlackFideId "1444816"]

1.e4 e5 2.Nf3 Nc6 3.Bc4 Nf6 4.d3 Bc5 5.Bg5 h6 6.Bh4 g5 7.Bg3 d6 8.c3 a5 9.
Nbd2 O-O 10.a3 Bb6 11.Ba2 a4 12.Nc4 Ba7 13.Ne3 Bxe3 14.fxe3 Ne7 15.h3 Ng6 
16.h4 Nh5 17.hxg5 Nxg3 18.Rxh6 Kg7 19.Qd2 Bg4 20.Qf2 Nh5 21.O-O-O f6 22.
Nh4 Nxh4 23.Qxh4 fxg5 24.Qxg4 Kxh6 25.Rh1 Qe8 26.Qe2 g4 27.Qxg4 Qg6 28.Qh3
Rf2 29.g4 Raf8 30.Qxh5+ Qxh5 31.Rxh5+ Kg6 32.Rf5 R8xf5 33.gxf5+ Kg5 34.Be6
Kh4 35.Bc8 Kg3 36.Bxb7 Kf3 37.d4 Kxe3 38.dxe5 dxe5 39.Bc6 Kd3 40.Kb1 Rf1+ 
41.Ka2 Rf2 42.Kb1 Rf1+ 43.Ka2 Rf2 1/2-1/2

[Event "Malmo Open 2023"]
[Site "Malmo SWE"]
[Date "2023.12.17"]
[Round "7.7"]
[White "Strom-Engdahl, Alexander"]
[Black "Lindberg, Bengt"]
[Result "0-1"]
[WhiteElo "2217"]
[BlackElo "2344"]
[ECO "B40"]
[TimeControl "15 minutes + 5 seconds per move from move one (Round 1 - 4) / 90 minutes + 30 seconds per move from move one (Round 5 - 8)"]
[BlackTitle "IM"]
[WhiteFideId "1741586"]
[BlackFideId "1700359"]

1.e4 c5 2.Nf3 e6 3.g3 d6 4.Bg2 Nc6 5.O-O Nf6 6.Qe2 Be7 7.c3 e5 8.Rd1 Bg4 
9.h3 Bh5 10.d3 O-O 11.Bg5 Rb8 12.Bxf6 Bxf6 13.a4 a6 14.Nbd2 Bg5 15.Nf1 Qe7
16.g4 Bg6 17.Nxg5 Qxg5 18.Qd2 Qd8 19.Ne3 f6 20.Nc2 Bf7 21.Ne3 Be6 22.Bf3 
Qd7 23.Kh2 Rbd8 24.Kg3 g6 25.Rg1 Kh8 26.Raf1 Ne7 27.Qd1 f5 28.Kh2 fxe4 29.
dxe4 Qe8 30.Bg2 Qf7 31.Qd2 Qf4+ 32.Kh1 Bxg4 33.Nc4 Qxd2 34.Nxd2 Be2 35.Kh2
Bxf1 36.Rxf1 b5 37.Kg3 c4 38.axb5 axb5 39.Nb1 d5 40.exd5 Nxd5 41.Na3 Nc7 
42.Bc6 Rd3+ 43.f3 Rb8 44.Rf2 Rd6 45.Be4 Ne6 46.Bc2 Nf4 47.Be4 Kg7 48.b3 
cxb3 49.Rb2 Rbd8 50.Nb1 Rd1 51.Kh2 Re1 0-1

[Event "Malmo Open 2023"]
[Site "Malmo SWE"]
[Date "2023.12.17"]
[Round "7.8"]
[White "Meskenas, Paulius"]
[Black "Ramsdal, Jens Albert"]
[Result "1-0"]
[WhiteElo "2131"]
[BlackElo "2420"]
[ECO "C18"]
[TimeControl "15 minutes + 5 seconds per move from move one (Round 1 - 4) / 90 minutes + 30 seconds per move from move one (Round 5 - 8)"]
[WhiteTitle "FM"]
[BlackTitle "FM"]
[WhiteFideId "12809969"]
[BlackFideId "1429221"]

1.e4 e6 2.d4 d5 3.Nc3 Bb4 4.e5 c5 5.a3 Bxc3+ 6.bxc3 Ne7 7.Qg4 Qc7 8.Bd2 
cxd4 9.cxd4 Qxc2 10.Ne2 Nbc6 11.Qxg7 Rg8 12.Qh6 Bd7 13.Rc1 Qa4 14.Qxh7 
Nxd4 15.Nxd4 Qxd4 16.f4 Rg6 17.Qh8+ Ng8 18.Qh3 Bc6 19.Bd3 Rg7 20.Rf1 Kd7 
21.g4 Rxg4 22.Qxg4 Qxd3 23.Qg3 Qe4+ 24.Qe3 Qxe3+ 25.Bxe3 Ne7 26.Rc2 Nf5 
27.Bc5 Ba4 28.Rc3 Bb5 29.Rf2 b6 30.Be3 Rg8 31.Rd2 Rg4 32.a4 Bxa4 33.Ra2 b5
34.Bxa7 Rxf4 35.Bb8 Re4+ 36.Kd2 Rd4+ 37.Ke1 Rc4 38.Rxc4 dxc4 39.Rd2+ Kc6 
40.Bd6 f6 41.Bb4 fxe5 42.Rd8 Nd4 43.Kd2 Nf5 44.h4 e4 45.h5 e3+ 46.Kc1 c3 
47.Bxc3 Kc5 48.Rc8+ Kd5 49.Bg7 e2 50.Kd2 Ke4 51.h6 Kf3 52.h7 Kf2 53.Rc1 
Nd6 54.Bd4+ Kf3 55.h8=Q Ne4+ 56.Ke1 1-0

[Event "Malmo Open 2023"]
[Site "Malmo SWE"]
[Date "2023.12.17"]
[Round "7.9"]
[White "Akesson, Ralf"]
[Black "Grahn, Vidar"]
[Result "1/2-1/2"]
[WhiteElo "2387"]
[BlackElo "2274"]
[ECO "A37"]
[TimeControl "15 minutes + 5 seconds per move from move one (Round 1 - 4) / 90 minutes + 30 seconds per move from move one (Round 5 - 8)"]
[WhiteTitle "GM"]
[WhiteFideId "1700120"]
[BlackFideId "1744780"]

1.Nf3 c5 2.c4 Nc6 3.Nc3 e5 4.g3 g6 5.Bg2 Bg7 6.O-O d6 7.a3 a5 8.d3 Nge7 9.
Bg5 f6 10.Bd2 O-O 11.Ne1 Be6 12.Nc2 d5 13.cxd5 Nxd5 14.b4 axb4 15.Nxd5 
Bxd5 16.Bxd5+ Qxd5 17.axb4 Nd4 18.bxc5 Rxa1 19.Nxa1 Rc8 20.e4 Qxc5 21.Nb3 
Qc2 22.Nxd4 exd4 23.Qg4 Rc6 24.Ba5 Qc5 25.Bd2 Qc2 26.Ba5 Qc5 27.Be1 Qe7 
28.Bd2 Rc2 29.Bf4 b5 30.Ra1 b4 31.Ra8+ Kf7 32.e5 fxe5 33.Qf3 exf4 34.Qd5+ 
Qe6 35.Ra7+ Kf6 36.Qxd4+ Qe5 37.Qd8+ Kf5 38.Ra5 Rc5 39.Qd7+ Kg5 40.Rxc5 
Qxc5 41.Qxg7 Qc1+ 42.Kg2 Qc6+ 43.f3 Qc2+ 44.Kh3 Qc8+ 45.g4 Qe6 46.Qf8 b3 
47.Qd8+ Kh6 48.Qf8+ Kg5 49.Qd8+ Kh6 50.Qf8+ 1/2-1/2